 Dungeon Sprint DCSS version 0.31-a0-18-gea43df2a32 (webtiles) character file.

Game seed: 15841587815832675413

5059 bmack86 the Warrior (level 10, -8/105 HPs)
             Began as a Minotaur Berserker on May 10, 2023.
             Was a High Priest of Trog.
             Mangled by Sonja
             ... wielding a +0 short sword of distortion
              (9 damage)
             ... in the Dungeon (Sprint I: "Red Sonja").
             The game lasted 00:12:19 (925 turns).

bmack86 the Warrior (Minotaur Berserker)             Turns: 925, Time: 00:12:19

Health: -8/105     AC: 26    Str: 25    XL:     10   Next: 31%
Magic:  9/9        EV:  7    Int:  9    God:    Trog [*****.]
Gold:   72         SH:  8    Dex: 11    Spells: 9/9 levels left

rFire   + . .        p - +10 spear "Wiycin" {flame, rElec Will+ Int+5}
rCold   + . .        q - +0 kite shield
rNeg    . . .        v - +2 plate armour {rF+}
rPois   .            (helmet restricted)
rElec   +            (no cloak)
rCorr   .            e - +1 pair of gloves {hurl}
SInv    .            d - +3 pair of mountain boots {steadfast, rC+}
Will    +....        l - amulet of regeneration Stlth
                     (no ring)
HPRegen 1.17/turn    (no ring)
MPRegen 0.11/turn

%: no teleportation
@: lethally poisoned (-8 -> -8), slowed, very slow
A: horns 2, retaliatory headbutt
a: Renounce Religion, Berserk, Trog's Hand, Brothers in Arms


You were in the Dungeon.
You worshipped Trog.
Trog was extremely pleased with you.
You visited 1 branch You collected 1730 gold pieces.
You spent 1658 gold pieces at shops.

Inventory:

Hand Weapons
 a - a +0 heavy hand axe
 k - a +1 scythe of venom
 p - the +10 spear "Wiycin" (weapon) {flame, rElec Will+ Int+5}
   (You found it in the Dungeon)

   Int:       It affects your intelligence (+5).
   rElec:     It insulates you from electricity.
   Will:      It increases your willpower.
Armour
 d - the +3 pair of mountain boots (worn) {steadfast, rC+}
   (You bought it in a shop in the Dungeon)

   Steadfast: It prevents involuntary movement, except for blinking,
   teleportation, or banishment.
   rC:        It protects you from cold.
 e - a +1 pair of gloves of hurling (worn)
 n - a +0 pair of boots
 o - a +1 plate armour
 q - a +0 kite shield (worn)
 v - a +2 plate armour of fire resistance (worn)
Jewellery
 l - an amulet of regeneration (around neck)
Wands
 i - a wand of flame (15) (quivered)
Scrolls
 h - a scroll of blinking
 s - a scroll of enchant weapon
 t - a scroll of torment {unknown}
Potions
 b - a potion of curing
 f - 2 potions of magic
 g - a potion of berserk rage
 m - a potion of flight
 r - a potion of ambrosia
 u - a potion of heal wounds


   Skills:
 + Level 15.3 Fighting
 - Level 14.7(15.2) Axes
 + Level 6.3(11.4) Polearms
 + Level 5.2 Throwing
 + Level 15.2 Armour
 - Level 2.1 Dodging
 + Level 4.3 Shields
 - Level 8.0 Evocations


You had 9 spell levels left.
You didn't know any spells.
Your spell library was empty.

Dungeon Overview and Level Annotations

Branches:
Dungeon (1/1)

Altars:
Cheibriados
Dithmenos
Elyvilon
Fedhas
Gozag
Hepliaklqana
Kikubaaqudgha
Makhleb
Nemelex Xobeh
Okawaru
Qazlal
Ru
Sif Muna
Trog
Uskayaw
Vehumet
Wu Jian
Xom
Yredelemnul
Zin
The Shining One
Jiyva
Lugonu

Shops:
D [!(**([[:[*?[*[*

Annotations:
D Sonja


Innate Abilities, Weirdness & Mutations

You have a pair of horns on your head.
You reflexively headbutt those who attack you in melee.


Message History

The puff of flame hits Sonja.
Sonja is heavily wounded.
You feel extremely sick.
Sonja gestures wildly while chanting.
Sonja blinks!
Sonja zaps a wand.
The roots erupt in riotous growth!
The grasping roots grab you! The grasping roots constrict you. x2
You are too injured to fight recklessly!
Unknown command.
You are too injured to fight recklessly!
Unknown command.
Your ogre goes berserk!
You feel very sick.
Sonja seems less brilliant.
Sonja mumbles some strange words.
Sonja blinks!
The grasping roots constrict you.
Sonja throws a curare-tipped dart.
The curare-tipped dart barely misses you.
The grasping roots constrict you.
You escape the roots grasp.
You feel very sick.
Sonja zaps a wand.
The roots erupt in riotous growth!
The grasping roots grab you!
Sonja is unaffected.
The grasping roots constrict you.
Your ogre misses Sonja. Sonja hits you but does no damage.
Sonja hits you with a +0 short sword of distortion.
You block Sonja's attack. The grasping roots constrict you.
You escape the roots grasp.
You feel very sick.
Your ogre barely misses Sonja.
You block Sonja's attack. Sonja hits you but does no damage.
Space warps horribly around you!
* * * LOW HITPOINT WARNING * * *
Sonja barely misses you.
You closely miss Sonja.
Sonja is heavily wounded.
You feel sick.
Your ogre completely misses Sonja.
Sonja hits you but does no damage. Space warps horribly around you!
* * * LOW HITPOINT WARNING * * *
Sonja hits you but does no damage. Space warps horribly around you!
You die...

##########################
#<.#..)..#..'..#__#..')..#
#..').#..'[.#..'..'.)#...#
#..#####'#####'#__####...+
#..####..#...#.####§.#####
#..#__####..##.#~~§§.#..#
#..#_____##'#_.'~§~).'..#
#⌠⌠#_.∩[..'.KO_#~~~§§#..#
####_..__##_@#'##§#####'###
#_____###'#.#[.§.###.'.#
####### #.####'###.###.#
$.$+.....'[∩##.#
$.$###########§#
##(###......§##§# #+#
#.....§..§§# #''.######§#
#........#.#


You could see Sonja (ally target) and a friendly ogre (summoned, berserk).

Vanquished Creatures
  2 centaur warriors (D)
  A deep troll (D)
  An oklob plant (D)
  An unseen horror (D)
  2 kobold demonologists (D)
  A hornet (D)
  A slime creature (D)
  A yak (D)
  Sigmund (D)
  2 redbacks (D)
  2 floating eyes (D)
  An ogre (D)
  A jelly (D)
  Ijyb (D)
18 creatures vanquished.

Vanquished Creatures (collateral kills)
  An unseen horror (D)
  7 necrophages (D)
  7 jellies (D)
15 creatures vanquished.

Grand Total: 33 creatures vanquished

Notes
Turn   | Place    | Note
-------+----------+-------------------------------------------
     0 | D        | bmack86 the Minotaur Berserker began the quest for the Orb.
     0 | D        | Reached XP level 1. HP: 19/19 MP: 0/0
     2 | D        | Noticed Ijyb
    12 | D        | Killed Ijyb
    13 | D        | Reached skill level 5 in Fighting
    13 | D        | Reached skill level 5 in Axes
    13 | D        | Reached XP level 2. HP: 10/29 MP: 1/1
    98 | D        | Noticed an ogre
   102 | D        | Killed an ogre
   103 | D        | Reached XP level 3. HP: 39/39 MP: 2/2
   103 | D        | Reached XP level 4. HP: 47/47 MP: 3/3
   132 | D        | Noticed Sigmund
   139 | D        | Killed Sigmund
   139 | D        | Reached ** piety under Trog
   140 | D        | Reached XP level 5. HP: 57/57 MP: 4/4
   177 | D        | Found a burning altar of Makhleb.
   177 | D        | Found a viscous altar of Jiyva.
   177 | D        | Found a shimmering altar of Xom.
   177 | D        | Found a corrupted altar of Lugonu.
   177 | D        | Noticed a slime creature
   183 | D        | Killed a slime creature
   184 | D        | Reached skill level 10 in Fighting
   184 | D        | Reached skill level 10 in Axes
   184 | D        | Reached XP level 6. HP: 66/66 MP: 5/5
   213 | D        | Found an ornate altar of the Wu Jian Council.
   213 | D        | Found a shimmering blue altar of Sif Muna.
   215 | D        | Found a radiant altar of Vehumet.
   220 | D        | Reached skill level 10 in Armour
   254 | D        | Found Qasol's Armour Emporium.
   254 | D        | Found an ancient bone altar of Kikubaaqudgha.
   254 | D        | Found a hazy altar of Hepliaklqana.
   254 | D        | Found a stormy altar of Qazlal.
   254 | D        | Found a hide-covered altar of Uskayaw.
   254 | D        | Found a blossoming altar of Fedhas.
   254 | D        | Found a bloodstained altar of Trog.
   254 | D        | Found an iron altar of Okawaru.
   254 | D        | Found a basalt altar of Yredelemnul.
   254 | D        | Found a glowing golden altar of the Shining One.
   254 | D        | Found a snail-covered altar of Cheibriados.
   254 | D        | Found a sacrificial altar of Ru.
   254 | D        | Found a glowing silver altar of Zin.
   254 | D        | Found a shadowy altar of Dithmenos.
   254 | D        | Found a white marble altar of Elyvilon.
   254 | D        | Noticed a yak
   260 | D        | Killed a yak
   261 | D        | Reached XP level 7. HP: 73/73 MP: 6/6
   261 | D        | Found an opulent altar of Gozag.
   262 | D        | Found a sparkling altar of Nemelex Xobeh.
   266 | D        | Bought a +0 pair of boots for 54 gold pieces
   266 | D        | Bought a +0 plate armour for 276 gold pieces
   303 | D        | Noticed a kobold demonologist
   303 | D        | Noticed a kobold demonologist
   305 | D        | Reached *** piety under Trog
   310 | D        | Noticed a red devil
   310 | D        | Killed a kobold demonologist
   311 | D        | Reached skill level 5 in Evocations
   312 | D        | Noticed an orange demon
   313 | D        | Killed a kobold demonologist
   313 | D        | Reached **** piety under Trog
   314 | D        | Reached XP level 8. HP: 83/83 MP: 7/7
   352 | D        | Noticed a centaur warrior
   352 | D        | Noticed a centaur warrior
   379 | D        | Killed a centaur warrior
   383 | D        | Killed a centaur warrior
   384 | D        | Reached XP level 9. HP: 94/94 MP: 8/8
   388 | D        | Paralysed by a hornet for 3 turns
   474 | D        | Identified the +10 spear "Wiycin" {flame, rElec Will+
                  | Int+5}
   479 | D        | Noticed a deep troll
   484 | D        | Killed a deep troll
   497 | D        | Found Zum Uleff's Armour Emporium.
   504 | D        | Bought a +0 kite shield for 49 gold pieces
   526 | D        | Noticed an oklob plant
   537 | D        | Killed an oklob plant
   537 | D        | Reached ***** piety under Trog
   719 | D        | Bought the +3 pair of mountain boots {steadfast, rC+} for
                  | 368 gold pieces
   719 | D        | Found the +3 pair of mountain boots {steadfast, rC+}
   758 | D        | Reached XP level 10. HP: 104/104 MP: 9/9
   763 | D        | Reached skill level 1 in Shields
   772 | D        | Reached skill level 15 in Fighting
   772 | D        | Reached skill level 5 in Polearms
   777 | D        | Reached skill level 15 in Armour
   781 | D        | Reached skill level 5 in Throwing
   816 | D        | Found Juorr's Antique Weapon Shoppe.
   816 | D        | Found Byxingan's Distillery.
   816 | D        | Found Diceax's General Store.
   818 | D        | Found Uresaisu's General Store.
   818 | D        | Found Ballebe's Weapon Shop.
   818 | D        | Found Lohunuc's Antique Armour Shoppe.
   818 | D        | Found Urchiuw's Armour Boutique.
   818 | D        | Found Ceerph's Book Emporium.
   818 | D        | Found Joveduon's Antique Armour Shop.
   818 | D        | Found Hytiuwk's Assorted Antiques.
   820 | D        | Bought a potion of degeneration for 13 gold pieces
   823 | D        | Found Ecuhot's Magic Scroll Boutique.
   824 | D        | Bought a scroll of identify for 20 gold pieces
   824 | D        | Bought a scroll of identify for 20 gold pieces
   824 | D        | Found Tughuil's General Store.
   824 | D        | Found Faerhon's Armour Boutique.
   825 | D        | Found Hifaxkyu's Assorted Antiques.
   830 | D        | Bought a ruby potion for 14 gold pieces
   830 | D        | Bought a scroll labelled RORAVE SOUHE for 16 gold pieces
   834 | D        | Bought a scroll labelled DEINYIT POCK for 23 gold pieces
   838 | D        | Bought a potion of heal wounds for 80 gold pieces
   844 | D        | Bought a runed plate armour for 650 gold pieces
   856 | D        | Bought a scroll of enchant armour for 75 gold pieces
   913 | D        | Noticed Sonja
   925 | D        | HP: 1/105 [Sonja/+0 short sword of distortion (15)]
   925 | D        | Mangled by Sonja

Illustrated notes

Levels and vault maps discovered:
D:        dungeon_sprint_1 [red_sonja_temple_1, red_sonja_temple_small_1]

Skill      XL: |  1  2  3  4  5  6  7  8  9 10 |
---------------+-------------------------------+-----
Fighting       | 5 7 9 10 12 13 14 15 | 15.3
Axes           | 5 7 9 10 11 12 13 14 | 14.7
Armour         | 4 6 8 9 10 12 13 14 15 | 15.2
Evocations     | 3 4 6 8 |  8.0
Polearms       | 4 6 |  6.3
Throwing       | 3 5 |  5.2
Shields        | 4 |  4.3
Dodging        | |  2.1

Action                     |  1- 3 |  4- 6 |  7- 9 | 10-12 || total
---------------------------+-------+-------+-------+-------++-------
  Melee: Hand axe          |    11 |    18 |    25 |       ||    54
         Headbutt          |     2 |     5 |    13 |     3 ||    23
         Spear             |       |       |    22 |     8 ||    30
  Throw: Javelin           |       |       |       |     3 ||     3
 Invoke: Berserk           |     2 |     3 |     4 |       ||     9
         Brothers in Arms  |       |       |     1 |     3 ||     4
  Evoke: Wand              |       |       |       |     5 ||     5
    Use: Potion            |       |       |     3 |       ||     3
         Scroll            |       |       |     3 |     4 ||     7
 Armour: Plate armour      |       |       |    22 |    11 ||    33
  Dodge: Dodged            |     1 |     5 |    13 |     3 ||    22
  Block: Kite shield       |       |       |       |     5 ||     5

Table legend: (Time is in decaauts)
 A = Elapsed time spent in this place.
 B = Non-inter-level travel time spent in this place.
 C = Inter-level travel time spent in this place.
 D = Time resting spent in this place.
 E = Time spent auto-exploring this place.
 F = Levels seen in this place.
 G = Mean time per level.
                   A        B        C        D        E       F      G
               +--------+--------+--------+--------+--------+-----+--------+
         Total |    988 |    966 |     22 |    325 |      0 |   1 |  988.0 |
       Dungeon |    988 |    966 |     22 |    325 |      0 |   1 |  988.0 |
               +--------+--------+--------+--------+--------+-----+--------+

Top non-repeatable levels by time:
       D: 988 daAuts
